 Dungeon Crawl Stone Soup version 0.19-a0-981-gaae9137 (webtiles) character file.

1026 TheGoonsmith the Conjurer (level 8, -2/41 HPs)
             Began as a Gargoyle Fire Elementalist on July 14, 2016.
             Was an Initiate of Vehumet.
             Slain by a wyvern skeleton (6 damage)
             ... on level 6 of the Dungeon.
             The game lasted 00:08:35 (4851 turns).

TheGoonsmith the Conjurer (GrFE)                    Turns: 4851, Time: 00:08:35

Health: -2/41      AC: 11    Str: 13    XL:     8   Next: 23%
Magic:  2/29       EV: 12    Int: 22    God:    Vehumet [......]
Gold:   217        SH:  0    Dex: 10    Spells: 3 memorised, 7 levels left

rFire  . . .     SeeInvis .     z - staff of power
rCold  . . .     Gourm    .     a - +0 robe
rNeg   + . .     Faith    .     (no shield)
rPois  ∞         Spirit   .     o - +1 helmet
rElec  +         Dismiss  .     x - +0 cloak
rCorr  .         Reflect  .     u - +0 pair of gloves
SustAt .         Harm     .     (no boots)
MR     +....                    (no amulet)
Stlth  ++........               (no ring)
                                d - ring of protection from magic

@: brilliant, very slightly contaminated, somewhat resistant to hostile
enchantments, unstealthy
A: negative energy resistance 1, electricity resistance, unbreathing,
petrification resistance, rot immunity, AC +5
a: Renounce Religion


You were on level 6 of the Dungeon.
You worshipped Vehumet.
Vehumet was noncommittal.
You were very hungry.

You visited 2 branches of the dungeon, and saw 7 of its levels.
You also visited: Ossuary.

You collected 217 gold pieces.

Inventory:

Hand Weapons
 i - a +0 mace
 w - a +2 mace of crushing
Armour
 a - a +0 robe (worn)
 o - a +1 helmet (worn)
 u - a +0 pair of gloves (worn)
 x - a +0 cloak (worn)
Magical Staves
 z - an uncursed staff of power (weapon)
Jewellery
 d - a ring of protection from magic (left hand)
 D - an uncursed ring of ice
 F - an uncursed ring of see invisible {unknown}
Wands
 C - a wand of polymorph (13/24)
Scrolls
 e - 7 scrolls of identify
 m - a scroll of acquirement {unknown}
 q - a scroll of enchant armour
 y - 3 scrolls of remove curse
 G - a scroll of fear {unknown}
 H - a scroll of enchant weapon
Potions
 f - a potion of flight {unknown}
 g - a potion of berserk rage {unknown}
 h - a potion of might {unknown}
 j - 2 potions of cure mutation {unknown}
 l - 2 potions of curing
 n - a potion of brilliance
 p - a potion of heal wounds {unknown}
 r - a potion of lignification {unknown}
 v - a potion of haste {unknown}
 A - a potion of ambrosia {unknown}
 B - a potion of agility {unknown}
 J - a potion of degeneration {unknown}
Books
 b - a book of Flames

   Spells                             Type                      Level
   a - Flame Tongue                   Conjuration/Fire             1
   b - Throw Flame                    Conjuration/Fire             2
   c - Conjure Flame                  Conjuration/Fire             3
   d - Inner Flame                    Hexes/Fire                   3
   e - Sticky Flame                   Conjuration/Fire             4
   f - Fireball                       Conjuration/Fire             5
 E - a Fen Folio

   Spells                             Type                      Level
   a - Corpse Rot                     Necromancy                   2
   b - Stone Arrow                    Conjuration/Earth            3
   c - Leda's Liquefaction            Hexes/Earth                  4
   d - Summon Forest                  Summoning/Translocation      5
   e - Hydra Form                     Transmutation                6
   f - Summon Hydra                   Summoning                    7
Comestibles
 c - 7 bread rations
 k - 2 beef jerkies
 s - 2 fruits
 t - 2 meat rations


   Skills:
 - Level 1.5 Dodging
 - Level 2.1 Stealth
 + Level 4.1 Spellcasting
 * Level 6.6 Conjurations
 * Level 6.4 Fire Magic


You had 7 spell levels left.
You knew the following spells:

 Your Spells              Type           Power        Failure   Level  Hunger
a - Flame Tongue          Conj/Fire      #####        1%          1    None
c - Conjure Flame         Conj/Fire      #####...     1%          3    ##.....
s - Sticky Flame          Conj/Fire      #####...     1%          4    ####...


Dungeon Overview and Level Annotations

Branches:
Dungeon (6/15)             Temple (1/1) D:6

Altars:
Ashenzari
Cheibriados
Dithmenos
Elyvilon
Fedhas
Gozag
Hepliaklqana
Kikubaaqudgha
Makhleb
Okawaru
Pakellas
Qazlal
Ru
Sif Muna
Trog
Uskayaw
Vehumet
Xom
Yredelemnul
Zin
The Shining One


Innate Abilities, Weirdness & Mutations

You are resistant to torment.
Your stone body is resilient. (AC +5)
You are immune to poison.
You resist negative energy. (rN+)
You are resistant to electric shocks. (rElec)
You can survive without breathing.
You are immune to petrification.
You are immune to rotting.


Message History

Press: ? - help, Shift-Dir - straight line, f/p - orc priest
Aim: an orc priest, wielding a club The flame tongue hits the wyvern skeleton.
The wyvern skeleton barely misses you. The orc hits you but does no damage.
The wyvern skeleton bites you!
* * * LOW HITPOINT WARNING * * *
Casting: Flame Tongue
Confirm with . or Enter, or press ? or * to list all spells.
Aiming: Sticky Flame
Press: ? - help, Shift-Dir - straight line, f - orc, p - orc priest
Aim: an orc, wielding a club and wearing a glowing scale mail The sticky flame hits the orc.
The orc is moderately wounded.
The orc is covered in liquid flames!
The orc burns!
The orc priest calls upon Beogh to heal the orc.
The orc's wounds heal themselves!
The wight hits you but does no damage. The wyvern skeleton misses you.
The orc burns!
The orc burns!
The wyvern skeleton bites you.
You die...

.####.....##)#
#.....##.###########
...#####....(........
###. ##.###.###### #
#.# #.# #.# #.# #.#
#.### #.###...#####
#@....#.....### #.
##Zo..........# ##.
#oz..####....# #....
#..##≈≈≈#≈#..#
#....##z.# ≈≈≈≈≈#..#
#....#..##≈#≈#≈≈##.#
#.....(.≈≈≈≈≈≈≈≈≈#.#
+.......#≈≈≈≈≈≈#≈≈.#
#.....#.##≈#≈≈≈≈#≈.#


You could see 2 wights, an orc priest, an orc (burning) and a wyvern skeleton.

Vanquished Creatures
  Menkaure (Ossuary)
  An ogre (D:4)
  A wight (D:6)
  An electric eel (D:6)
  A centaur zombie (D:5)
  A quasit (D:6)
  2 hounds
  3 orc priests
  A jelly (D:6)
  An iguana (D:5)
  4 orc wizards
  2 worker ants (D:4)
  A hound skeleton (D:5)
  4 mummies
  A worker ant zombie (D:4)
  Robin (D:1)
  4 gnolls
  9 adders
  2 oozes (D:3)
  3 worms
  4 dart slugs
  2 giant geckos
  9 orcs
  4 giant cockroaches
  3 gnoll zombies (Ossuary)
  8 hobgoblins
  11 jackals
  9 kobolds
  3 quokkas
  5 bats
  7 giant newts
  3 gnoll skeletons (Ossuary)
  12 goblins
  2 goblin skeletons (Ossuary)
  A goblin zombie (Ossuary)
  A hobgoblin skeleton (Ossuary)
  3 hobgoblin zombies
  3 kobold skeletons (Ossuary)
  A kobold zombie (Ossuary)
  2 orc zombies (Ossuary)
  A quokka skeleton (D:5)
  8 rats
  A rat skeleton (Ossuary)
  2 rat zombies (Ossuary)
149 creatures vanquished.

Vanquished Creatures (others)
  A jelly (D:2)
  3 gnoll zombies (Ossuary)
  2 gnoll skeletons (Ossuary)
  5 goblin skeletons (Ossuary)
  A goblin zombie (Ossuary)
  3 hobgoblin skeletons (Ossuary)
  6 hobgoblin zombies (Ossuary)
  5 kobold skeletons (Ossuary)
  3 orc zombies (Ossuary)
  A rat zombie (Ossuary)
30 creatures vanquished.

Grand Total: 179 creatures vanquished

Notes
Turn   | Place    | Note
-------+----------+-------------------------------------------
     0 | D:1      | TheGoonsmith the Gargoyle Fire Elementalist began the quest for the Orb.
     0 | D:1      | Reached XP level 1. HP: 10/10 MP: 3/3
   108 | D:1      | Reached XP level 2. HP: 15/15 MP: 0/5
   604 | D:1      | Reached XP level 3. HP: 19/19 MP: 3/6
  1064 | D:2      | Found an oddly glowing altar of Pakellas.
  1064 | D:2      | Noticed an orange crystal statue
  1096 | D:2      | Found a snail-covered altar of Cheibriados.
  1456 | D:2      | Reached XP level 4. HP: 24/24 MP: 0/7
  1514 | D:2      | Noticed Robin
  1531 | D:1      | Killed Robin
  2292 | D:3      | Reached XP level 5. HP: 28/28 MP: 9/9
  2334 | D:3      | Learned a level 4 spell: Sticky Flame
  2338 | D:3      | Learned a level 3 spell: Conjure Flame
  2671 | D:3      | Found a deep blue altar of Sif Muna.
  2953 | D:3      | Reached XP level 6. HP: 32/32 MP: 10/10
  3090 | D:4      | Found a sand-covered staircase.
  3098 | Ossuary  | Entered an ossuary
  3529 | Ossuary  | Noticed Menkaure
  3554 | Ossuary  | Killed Menkaure
  3554 | Ossuary  | Reached skill level 5 in Conjurations
  3554 | Ossuary  | Reached skill level 5 in Fire Magic
  3554 | Ossuary  | Reached XP level 7. HP: 36/36 MP: 12/12
  3831 | D:4      | Found a bloodstained altar of Trog.
  3874 | D:5      | Entered Level 5 of the Dungeon
  3956 | D:5      | Found a burning altar of Makhleb.
  4514 | D:6      | Found an ancient bone altar of Kikubaaqudgha.
  4678 | D:6      | Reached XP level 8. HP: 39/41 MP: 13/13
  4700 | D:6      | Found a staircase to the Ecumenical Temple.
  4706 | Temple   | Entered the Ecumenical Temple
  4795 | Temple   | Became a worshipper of Vehumet
  4851 | D:6      | Slain by a wyvern skeleton

Vault maps used:
D:1:      evilmike_arrival_fibonacci_small
D:2:      gammafunk_pakellas_statue_experiment, kennysheep_slug_shrine,
          uniq_robin
D:3:      first_bread, led_sif_book
D:4:      nicolae_overflow_hidden_temple, nicolae_ossuary_entry_giza
D:5:      makhleb_blood_cavern_becter
D:6:      nicolae_overflow_crystal_walls, minmay_misc_feat_rows, minivault_4
Temple:   eino_temple_rhombus
Ossuary:  ossuary_due_pyramid

Skill      XL: |  1  2  3  4  5  6  7  8 |
---------------+-------------------------+-----
Conjurations   | 2 3 4 5 6 |  6.6
Spellcasting   | 3 4 |  4.1
Fire Magic     | 4 5 6 |  6.4
Dodging        | |  1.5
Stealth        | |  2.1

Action                   |  1- 3 |  4- 6 |  7- 9 || total
-------------------------+-------+-------+-------++-------
Melee: Unarmed           |     7 |       |       ||     7
       Mace              |    20 |     6 |       ||    26
 Cast: Flame Tongue      |    67 |   152 |   112 ||   331
       Conjure Flame     |       |     1 |       ||     1
       Sticky Flame      |       |       |     3 ||     3
  Use: Scroll            |       |     8 |       ||     8
       Potion            |       |       |     2 ||     2
  Eat: Chunk             |     2 |     7 |     4 ||    13
Armor: Robe              |    20 |    29 |    34 ||    83
Dodge: Dodged            |    46 |    30 |    55 ||   131
